 Dungeon Crawl Stone Soup version 0.20.1-1-g8b1a95d (webtiles) character file.

304 equalderp2856 the Covered (level 6, -3/52 HPs)
             Began as a Minotaur Fighter on Sept 6, 2017.
             Killed from afar by Stelteck's ghost (20 damage)
             ... with an orb of energy
             ... on level 4 of the Dungeon.
             The game lasted 00:06:05 (2826 turns).

equalderp2856 the Covered (Minotaur Fighter)        Turns: 2826, Time: 00:06:05

Health: -3/52      AC: 10    Str: 21    XL:     6   Next: 15%
Magic:  5/5        EV:  7    Int:  5    God:
Gold:   121        SH: 11    Dex: 11    Spells: 5/5 levels left

rFire    . . .     SeeInvis .   a - +0 war axe
rCold    . . .     Gourm    .   c - +1 shield
rNeg     . . .     Faith    .   b - +0 scale mail
rPois    .         Spirit   .   (helmet restricted)
rElec    .         Reflect  .   (no cloak)
rCorr    .         Harm     .   l - +2 pair of gloves
MR       .....                  (no boots)
Stlth    ..........             (no amulet)
Regen    0.2/turn               (no ring)
MPRegen  0.1/turn               (no ring)

@: no status effects
A: retaliatory headbutt, horns 2
a: no special abilities


You were on level 4 of the Dungeon.
You were hungry.

You visited 1 branch of the dungeon, and saw 4 of its levels.

You collected 121 gold pieces.

Inventory:

Hand Weapons
 a - a +0 war axe (weapon)
 q - a -3 hand axe
Armour
 b - a +0 scale mail (worn)
 c - a +1 shield (worn)
 l - a +2 pair of gloves (worn)
Jewellery
 p - an uncursed ring of wizardry {unknown}
Scrolls
 g - a scroll of recharging
 j - 4 scrolls of identify
 o - 2 scrolls of immolation
Potions
 d - 2 potions of might
 e - a potion of agility {unknown}
 h - 2 potions of haste
 i - a potion of berserk rage
 k - a potion of curing
 m - a potion of mutation {unknown}
Comestibles
 f - 2 bread rations
 r - a meat ration


   Skills:
 + Level 4.2 Fighting
 + Level 5.2 Axes
 + Level 5.3 Armour
 + Level 0.2 Dodging
 + Level 0.3 Stealth
 + Level 5.0 Shields


You had 5 spell levels left.
You didn't know any spells.

Dungeon Overview and Level Annotations

Branches:
Dungeon (4/15)
 Temple: D:4-7

Altars:
Yredelemnul

Annotations:
D:4 Stelteck's ghost, novice DrCj


Innate Abilities, Weirdness & Mutations

You reflexively headbutt those who attack you in melee.
You have a pair of horns on your head.


Message History

You block Stelteck's ghost's attack.
You barely miss Stelteck's ghost.
Stelteck's ghost is severely damaged.
Stelteck's ghost barely misses you.
The worker ant waves its antennae.
You barely miss Stelteck's ghost.
Stelteck's ghost is severely damaged.
Stelteck's ghost hits you but does no damage. x2
You completely miss Stelteck's ghost. Your headbutt misses Stelteck's ghost.
Stelteck's ghost is severely damaged.
Stelteck's ghost hits you but does no damage.
You barely miss Stelteck's ghost.
Stelteck's ghost is severely damaged.
Stelteck's ghost casts a spell at you. The magic dart hits you!
You hit Stelteck's ghost.
Stelteck's ghost is severely damaged.
Stelteck's ghost points at you and mumbles some strange words.
The orb of energy hits you!
You die...

.#
..........)..........>.
.+
............#.....##.#
.#### ###.......##.....#
.#
....#####.......##...(.#
........#...#...........
..<....................#
W#......(.....##......#
.#............##..?...#
W#............##@.....##
.#.)..........aW........
.#............#####.#.#.
.#...##...$....# .# #
.#...##.......... .
..#####........### . ..#
.......##.. .. ...
.......# #.# #... ...(..
..


You could see a worker ant and Stelteck's ghost.

Vanquished Creatures
  Natasha (twice) (D:3)
  4 gnolls (D:3)
  10 adders
  3 oozes
  3 worms
  3 dart slugs (D:1)
  3 leopard geckos
  9 orcs
  6 bats
  4 giant cockroaches
  10 goblins
  8 hobgoblins
  3 jackals (D:2)
  9 kobolds
  A quokka (D:3)
  2 ball pythons
  2 frilled lizards (D:2)
  13 rats
95 creatures vanquished.

Notes
Turn   | Place    | Note
-------+----------+-------------------------------------------
     0 | D:1      | equalderp2856 the Minotaur Fighter began the quest for the Orb.
     0 | D:1      | Reached XP level 1. HP: 19/19 MP: 0/0
   246 | D:1      | Reached XP level 2. HP: 27/27 MP: 1/1
   589 | D:2      | Reached XP level 3. HP: 30/33 MP: 2/2
  1055 | D:2      | Reached XP level 4. HP: 40/40 MP: 3/3
  1245 | D:2      | Found a basalt altar of Yredelemnul.
  1757 | D:3      | Noticed Natasha
  1765 | D:3      | Killed Natasha
  1765 | D:3      | Reached skill level 5 in Armour
  1765 | D:3      | Reached XP level 5. HP: 33/46 MP: 4/4
  2000 | D:3      | Noticed Natasha
  2009 | D:3      | Killed Natasha
  2109 | D:3      | Reached skill level 5 in Axes
  2119 | D:3      | Reached XP level 6. HP: 18/52 MP: 5/5
  2538 | D:4      | Noticed Stelteck's ghost (novice DrCj)
  2545 | D:4      | Reached skill level 5 in Shields
  2826 | D:4      | Killed from afar by Stelteck's ghost

Skill      XL: |  1  2  3  4  5  6 |
---------------+-------------------+-----
Armour         | 4 5 |  5.3
Axes           | 3 4 5 |  5.2
Shields        | 4 5 |  5.0
Fighting       | 4 |  4.2
Dodging        | |  0.2
Stealth        | |  0.3

Action                   |  1- 3 |  4- 6 || total
-------------------------+-------+-------++-------
Melee: War axe           |    90 |   160 ||   250
       Headbutt          |    10 |    19 ||    29
       Hand axe          |       |     1 ||     1
  Use: Potion            |     3 |       ||     3
       Scroll            |       |     7 ||     7
  Eat: Chunk             |       |     6 ||     6
Armor: Scale mail        |    48 |    70 ||   118
Dodge: Dodged            |    29 |    44 ||    73
Block: Shield            |    49 |    89 ||   138
